 Dungeon Crawl Stone Soup version 0.32-a0-411-g744942f433 (webtiles) character file.

Game seed: 7298074706804488664

245 shadowstone the Sneak (level 6, -5/47 HPs)
             Began as a Coglin Brigand on Feb 21, 2024.
             Was a Plaything of Xom.
             Killed from afar by a hell hog (27 damage)
             ... with a fireball
             ... on level 1 of the Abyss.
             The game lasted 00:12:09 (3150 turns).

shadowstone the Sneak (Coglin Brigand)              Turns: 3150, Time: 00:12:17

Health: -5/47      AC: 11    Str: 16    XL:     6   Next: 10%
Magic:  6/6        EV:  7    Int: 10    God:    Xom [.....*]
Gold:   123        SH:  0    Dex: 15    Spells: 5/5 levels left

rFire   x . .        v - +6 war axe "Goahiy" {drain, rF- rN+++ Str-4 SInv}
rCold   . . .        n - +1 short sword (flame) {Agam}
rNeg    + + +        w - +0 chain mail
rPois   +            (no helmet)
rElec   .            c - +1 cloak
rCorr   .            (no gloves)
SInv    +            h - +0 pair of boots
Will    .....        r - amulet of magic regeneration Stlth
                     o - ring of poison resistance
HPRegen 0.27/turn    x - +6 ring of strength
MPRegen 0.50/turn

%: no passive effects
@: hasted, very quick
A: off-hand wielding, slow wielding, warmup strikes, legs shutdown
a: Renounce Religion


You were on level 1 of the Abyss.
You worshipped Xom.
You were Xom's teddy bear.
You visited 1 branch of the dungeon, and saw 4 of its levels.
You visited the Abyss 1 time.

You collected 123 gold pieces.

Inventory:

Hand Weapons
 a - a +2 dagger {Lucía}
 l - a +3 whip
 n - a +1 short sword of flaming (offhand) {Agam}
 v - the +6 war axe "Goahiy" (weapon) {drain, rF- rN+++ Str-4 SInv}
   (You found it on level 2 of the Dungeon)

   Str-4:     It affects your strength (-4).
   rF-:       It makes you vulnerable to fire.
   rN+++:     It renders you almost immune to negative energy.
   SInv:      It lets you see invisible.
Missiles
 d - 8 poisoned darts (quivered)
 e - 3 curare-tipped darts
Armour
 b - a +0 robe
 c - a +1 cloak (worn)
 f - a +0 ring mail
 h - a +0 pair of boots (worn)
 w - a +0 chain mail (worn)
Jewellery
 o - a ring of poison resistance (left grasper)
 r - an amulet of magic regeneration (around neck)
 s - a ring of poison resistance
 x - a +6 ring of strength (right grasper)
Scrolls
 i - 2 scrolls of enchant weapon
 t - 3 scrolls of identify
 y - a scroll of immolation
Potions
 g - a potion of enlightenment {unknown}
 j - a potion of haste
 k - 2 potions of invisibility {unknown}
 m - a potion of ambrosia {unknown}
 p - a potion of degeneration {unknown}
 q - 3 potions of curing {unknown}
 u - a potion of mutation {unknown}
 z - 3 potions of attraction {unknown}
 A - a potion of heal wounds {unknown}


   Skills:
 + Level 3.1 Fighting
 + Level 2.9 Short Blades
 + Level 2.1 Axes
 + Level 2.0 Throwing
 + Level 2.0 Armour
 + Level 1.3 Dodging
 + Level 4.0 Stealth


You had 5 spell levels left.
You didn't know any spells.
Your spell library contained the following spells:

 Spells                   Type           Power      Damage    Failure   Level
 Ensorcelled Hibernation  Hex/Ice        0%         N/A       100%        2
 Fugue of the Fallen      Necr           0%         N/A       100%        3
 Passwall                 Erth           0%         N/A       100%        3
 Swiftness                Air            0%         N/A       100%        3
 Anguish                  Hex/Necr       0%         N/A       100%        4


Dungeon Overview and Level Annotations

Branches:
Dungeon (4/15)
 Temple: D:4-7

Altars:
Okawaru
Xom

Annotations:
D:4 Edmund


Innate Abilities, Weirdness & Mutations

You can wield a second weapon in your off-hand.
It takes a long time for you to wield or remove held weapons.
Your first few attacks do less damage.
Attacking and casting redirects power from your legs.


Message History

Your Fighting skill increases to level 3!
Your Axes skill increases to level 2!
Your Throwing skill increases to level 2!
Your Armour skill increases to level 2!
You have reached level 6!
You start resting.
The substance of the Abyss twists violently, and a gateway leading out appears!
You are no longer unable to travel.
You start resting. "Just a minor improvement..."
You start resting.
A hell hog comes into view.
You swap places.
The hell hog breathes fire at you.
The fireball explodes!
The fireball engulfs your butterfly!!
Your butterfly dies!
Your butterfly disappears in a puff of smoke!
The fireball engulfs your butterfly!!
Your butterfly dies!
Your butterfly disappears in a puff of smoke!
The fireball engulfs the hell hog.
The hell hog completely resists.
You hear an angry squeal.
You start resting.
A hell hog is nearby!
You are too injured to fight recklessly!
You are too injured to fight recklessly!
You are too injured to fight recklessly!
You are too injured to fight recklessly!
You are too injured to fight recklessly!
A hell hog is nearby!
A hell hog is nearby!
Okay, then.
It was a potion of haste.
You feel yourself speed up. The hell hog breathes fire at you.
The fireball explodes!
The fireball engulfs you!! The fire burns you terribly!
Xom roars with laughter!
Ouch! That really hurt!
You die...
Xom chortles!

# . . .# #
.###..
##.#..#..
.........# # ##
. . #..#.. #
#.. #..
..#.....#. ...
.
#.....b..###.##
#
##...#..#b....#
..
.##....@..#..##
.. .
#b..b.b#..... #
##.#..#...#.#
.. .. #..b...#
#
......#h#..#.#
.# ###.#..#.###
.# #....b ....#
. #. .#.. # .
.. ####.§.
#...#


You could see a hell hog (catching breath).

Vanquished Creatures
  A small abomination (Abyss:1)
  A quasit (D:4)
  An iguana (D:4)
  An adder (D:3)
  3 dart slugs
  2 ribbon worms (D:2)
  5 orcs (D:3)
  4 endoplasms
  4 giant cockroaches
  8 goblins
  3 hobgoblins
  2 jackals (D:3)
  7 quokkas
  3 ball pythons
  5 bats (D:1)
  4 frilled lizards
  3 kobolds
  4 rats
61 creatures vanquished.

Notes
Turn   | Place    | Note
-------+----------+-------------------------------------------
     0 | D:1      | shadowstone the Coglin Brigand began the quest for the Orb.
     0 | D:1      | Reached XP level 1. HP: 16/16 MP: 1/1
   297 | D:1      | Reached XP level 2. HP: 22/22 MP: 2/2
   681 | D:1      | Reached skill level 1 in Dodging
   697 | D:1      | Reached XP level 3. HP: 27/28 MP: 3/3
  1744 | D:2      | Reached skill level 4 in Stealth
  1763 | D:2      | Reached XP level 4. HP: 34/34 MP: 4/4
  1958 | D:2      | Identified the +6 war axe "Goahiy" {drain, rF- rN+++ Str-4
                  | SInv}
  2268 | D:3      | Reached skill level 1 in Armour
  2298 | D:3      | Found a faded altar of an unknown god.
  2323 | D:3      | Prayed at the altar of an unknown god.
  2323 | D:3      | Became a worshipper of Xom of Gnomic Intent
  2430 | D:3      | XOM: divination: detect creatures
  2583 | D:3      | Reached XP level 5. HP: 40/40 MP: 5/5
  2767 | D:4      | Found an iron altar of Okawaru.
  2846 | D:4      | XOM: noise
  2876 | D:4      | Noticed Grinder
  2883 | D:4      | Paralysed by Grinder for 3 turns
  2889 | D:4      | Grinder changed into Grinder the quasit
  2889 | D:4      | Noticed Grinder
  2889 | D:4      | XOM: polymorph Grinder -> Grinder the quasit
  2892 | D:4      | Killed Grinder the quasit
  2893 | D:4      | Reached skill level 1 in Axes
  2959 | D:4      | XOM: 6-stop teleportation journey
  3056 | D:4      | Noticed Edmund
  3059 | D:4      | XOM: god gift: scroll labelled IROMIL PIXYI {god gift}
  3065 | Abyss:1  | Cast into level 1 of the Abyss (Edmund)
  3092 | Abyss:1  | XOM: summons friendly ufetubus
  3095 | Abyss:1  | Reached XP level 6. HP: 7/47 MP: 6/6
  3141 | Abyss:1  | XOM: scenery: summon butterflies
  3144 | Abyss:1  | Noticed a hell hog
  3150 | Abyss:1  | Killed from afar by a hell hog

Illustrated notes

Levels and vault maps discovered:
D:1:      roderic_dead_forest, layout_basic, minivault_24
D:2:      layout_basic
D:3:      layout_rooms, hellmonk_ecumenical_altar_blasted
D:4:      layout_loops_ring, mainiacjoe_overflow_24_doors, kennysheep_diamond,
          uniq_grinder, uniq_edmund
Abyss:1:  base:
D:3

Skill      XL: |  1  2  3  4  5 |
---------------+----------------+-----
Dodging        | 1 |  1.3
Short Blades   | 2 |  2.9
Stealth        | 4 |  4.0
Armour         | 1 2 |  2.0
Axes           | 2 |  2.1
Fighting       | 3 |  3.1
Throwing       | 2 |  2.0

Action                     |  1- 3 |  4- 6 || total
---------------------------+-------+-------++-------
  Melee: Dagger            |   114 |       ||   114
         Short sword       |    13 |    49 ||    62
         War axe           |       |    57 ||    57
  Throw: Dart              |       |     4 ||     4
    Use: Scroll            |     3 |     4 ||     7
         Potion            |       |     1 ||     1
   Stab: Sleeping          |     2 |       ||     2
 Armour: Robe              |     6 |       ||     6
         Ring mail         |    71 |       ||    71
         Chain mail        |       |    62 ||    62
  Dodge: Dodged            |    64 |    22 ||    86

Table legend: (Time is in decaauts)
 A = Elapsed time spent in this place.
 B = Non-inter-level travel time spent in this place.
 C = Inter-level travel time spent in this place.
 D = Time resting spent in this place.
 E = Time spent auto-exploring this place.
 F = Levels seen in this place.
 G = Mean time per level.
                   A        B        C        D        E       F      G
               +--------+--------+--------+--------+--------+-----+--------+
         Total |   3147 |   2959 |    188 |    289 |   1267 |   5 |  629.4 |
       Dungeon |   3061 |   2873 |    188 |    235 |   1267 |   4 |  765.2 |
         Abyss |     85 |     85 |      0 |     54 |      0 |   1 |   85.0 |
               +--------+--------+--------+--------+--------+-----+--------+

Top non-repeatable levels by time:
     D:1: 1678 daAuts
     D:2: 523 daAuts
     D:3: 481 daAuts
     D:4: 378 daAuts
 Abyss:1: 85 daAuts
